 Dungeon Crawl Stone Soup version 0.28.0 (webtiles) character file.

Game seed: 11382562418544859300

2444 Anothat the Carver (level 9, 0/65 (72) HPs)
             Began as a Formicid Fighter on Feb 12, 2022.
             Was an Initiate of Hepliaklqana.
             Slain by a fire elemental (10 damage)
             ... created by the fiery vengeance of Ignis
             ... on level 5 of the Dungeon.
             The game lasted 00:14:41 (7519 turns).

Anothat the Carver (Formicid Fighter)               Turns: 7519, Time: 00:14:41

HP:   0/65 (72)     AC: 10    Str: 24    XL:     9   Next: 78%
MP:   9/9           EV:  9    Int:  9    God:    Hepliaklqana [......]
Gold: 229           SH:  5    Dex: 10    Spells: 8/8 levels left

rFire   . . .      SeeInvis +   a - +0 long sword
rCold   . . .      Faith    .   c - +0 buckler
rNeg    . . .      Spirit   .   b - +0 scale mail
rPois   .          Reflect  .   (helmet unavailable)
rElec   .          Harm     .   (no cloak)
rCorr   .          Rampage  .   o - +0 pair of gloves
Will    .....                   i - +1 pair of boots
Stlth   ..........              (no amulet)
HPRegen 0.20/turn               (no ring)
MPRegen 0.11/turn               (no ring)

@: mighty, drained, invisible, fire susceptible
A: permanent stasis, dig shafts and tunnels, antennae 3, four strong arms
a: Dig, Shaft Self, Renounce Religion


You were on level 5 of the Dungeon.
You worshipped Hepliaklqana.
Hepliaklqana was noncommittal.
You visited 2 branches of the dungeon, and saw 7 of its levels.
You also visited: Sewer and Ossuary.

You collected 229 gold pieces.

Inventory:

Hand Weapons
 a - a +0 long sword (weapon)
 g - a +0 antimagic glaive
Armour
 b - a +0 scale mail (worn)
 c - a +0 buckler (worn)
 i - a +1 pair of boots (worn)
 o - a +0 pair of gloves (worn)
Jewellery
 r - a ring of fire
 v - a ring of fire
Scrolls
 l - a scroll of enchant armour
 m - a scroll of silence
 q - a scroll of immolation
 t - 2 scrolls of teleportation
 w - a scroll of fog {unknown}
Potions
 d - a potion of might
 f - a potion of berserk rage {unknown}
 h - a potion of brilliance {unknown}
 j - a potion of invisibility
 k - 5 potions of flight
 n - a potion of degeneration {unknown}
 p - a potion of lignification {unknown}
 s - a potion of mutation {unknown}
 u - 2 potions of haste {unknown}
 z - a potion of attraction {unknown}


   Skills:
 + Level 7.6 Fighting
 * Level 9.1 Long Blades
 - Level 3.2 Armour
 + Level 8.3 Shields


You had 8 spell levels left.
You didn't know any spells.
Your spell library contained the following spells:

 Spells                   Type           Power      Damage    Failure   Level
 Sandblast                Erth           0%         2d4       75%         1
 Sting                    Tmut/Pois      0%         1d3       75%         1
 Passwall                 Tmut/Erth      0%         N/A       86%         2
 Poisonous Vapours        Pois/Air       0%         N/A       86%         2
 Frozen Ramparts          Ice            0%         1d2       98%         3
 Lesser Beckoning         Tloc           0%         N/A       98%         3
 Stone Arrow              Conj/Erth      0%         3d7       98%         3
 Ice Form                 Ice/Tmut       0%         N/A       100%        4
 Olgreb's Toxic Radiance  Pois           0%         N/A       100%        4
 Summon Ice Beast         Ice/Summ       0%         N/A       100%        4
 Manifold Assault         Tloc           0%         N/A       100%        5
 Blink                    Tloc           Unusable   N/A       N/A         2

Dungeon Overview and Level Annotations

Branches:
Dungeon (6/15)             Temple (1/1) D:4           Sewer (visited)
Ossuary (visited)

Altars:
Cheibriados
Dithmenos
Fedhas
Hepliaklqana
Kikubaaqudgha
Makhleb
Nemelex Xobeh
Qazlal
Vehumet
Wu Jian
The Shining One
Ignis


Innate Abilities, Weirdness & Mutations

You cannot be hasted, slowed, berserked, paralysed or teleported.
You can dig through walls and to a lower floor.
You have a pair of large antennae on your head. (SInv)
Your four strong arms can wield two-handed weapons with a shield.


Message History

The fire elemental hits you. The fire elemental burns you!
* * * LOW HITPOINT WARNING * * *
You block the fire elemental's attack.
You barely miss the fire elemental.
The fire elemental is lightly damaged.
You block the fire elemental's attack.
You slash the fire elemental!
The fire elemental is severely damaged.
The fire elemental hits you. The fire elemental burns you!
* * * LOW HITPOINT WARNING * * *
You slash the fire elemental!
You destroy the fire elemental!
That felt strangely unrewarding.
You start resting.
You feel a little less mighty now.
You start resting.
Ignis wails with rage, and rains down burning fury! 2 fire elementals come into view.
Okay, then.
You closely miss the fire elemental. The fire elemental closely misses you.
You hit the fire elemental but do no damage.
The fire elemental hits you. The fire elemental burns you!
* * * LOW HITPOINT WARNING * * *
Okay, then.
Press: ? - help, v - describe, . - travel
Here: a fire elemental (durably summoned)
The floor.
You fade into invisibility!
You block the fire elemental's attack.
The fire elemental completely misses you.
You extend your mandibles.
You dig through the rock wall.
You feel drained.
The fire elemental completely misses you.
You dig through the rock wall.
You feel drained. You block the fire elemental's attack.
You dig through the rock wall.
You feel drained.
Okay, then.
You feel very mighty all of a sudden. The fire elemental hits you.
The fire elemental burns you!
You die...

....#..#.###..###.#.####
#...#..#.# #......#.#
#...#..#.###..#####.# #.......#
..............#####.# #.......#
....................#...#....>).'
........#####.#####.#...#.......#
#...........[.# #.#...#.......#
...........##.#####.#...#.......#
......####.##)##@##.#...#........
.............☼#E###.#...# #...<..
##....####.##○E## #.#...###.#####
......####.##○#####.......$.....#
≈...........#.#.O...####.##.###.#
≈≈...#####.##°#.###.# #.##.#
≈≈...# #....○.....# #.##.# ≈≈.###
#.##.#.###.# #)##.# ≈.....
........# #.. ......


You could see 2 fire elementals.

Vanquished Creatures
  Pikel (D:4)
  Grinder (D:5)
  4 fire elementals
  Eustachio (D:5)
  Edmund (D:4)
  2 water moccasins
  A hornet zombie (D:5)
  An ice beast (D:4)
  An ogre (D:5)
  2 lemures
  2 kobold brigands (Sewer)
  2 scorpions
  A hound (D:4)
  3 centaur zombies
  An orc priest (D:4)
  4 jellies
  A centaur skeleton (D:4)
  3 iguanas
  An orc wizard (D:4)
  A hound zombie (D:4)
  6 mummies (Ossuary)
  Robin (D:2)
  A gnoll (D:3)
  12 adders
  2 river rats
  A shadow imp (D:4)
  A worm (D:5)
  2 dart slugs
  13 orcs
  6 ball pythons
  4 bats
  2 endoplasms
  7 giant cockroaches
  14 goblins
  19 hobgoblins
  9 jackals
  12 kobolds
  4 quokkas
  7 frilled lizards
  3 hobgoblin zombies (Ossuary)
  12 rats
172 creatures vanquished.

Vanquished Creatures (others)
  An iguana (D:5)
  73 foxfires
74 creatures vanquished.

Grand Total: 246 creatures vanquished

Notes
Turn   | Place    | Note
-------+----------+-------------------------------------------
     0 | D:1      | Anothat the Formicid Fighter began the quest for the Orb.
     0 | D:1      | Reached XP level 1. HP: 18/18 MP: 1/1
   214 | D:1      | Reached XP level 2. HP: 24/24 MP: 2/2
   767 | D:1      | You fall into a shaft and drop 1 floor!
   770 | D:2      | Reached XP level 3. HP: 29/29 MP: 3/3
  1261 | D:2      | Reached skill level 3 in Long Blades
  1264 | D:2      | Reached XP level 4. HP: 37/37 MP: 4/4
  1582 | D:2      | Noticed Robin
  1598 | D:2      | Killed Robin
  1839 | D:3      | Found a faded altar of an unknown god.
  1852 | D:3      | Prayed at the altar of an unknown god.
  1852 | D:3      | Became a worshipper of Ignis, the Dying Flame
  2032 | D:3      | Reached XP level 5. HP: 38/42 MP: 5/5
  2073 | D:3      | Found a shadowy altar of Dithmenos.
  2427 | D:3      | Reached skill level 4 in Long Blades
  2656 | D:3      | Reached XP level 6. HP: 37/49 MP: 6/6
  3014 | D:4      | Reached skill level 5 in Shields
  3346 | D:4      | Reached skill level 5 in Long Blades
  3348 | D:4      | Reached XP level 7. HP: 32/55 MP: 7/7
  3362 | D:4      | Found a staircase to the Ecumenical Temple.
  3416 | D:4      | Reached skill level 5 in Fighting
  3416 | D:4      | Found a sand-covered staircase.
  3422 | Ossuary  | Entered an ossuary
  4234 | D:5      | Entered Level 5 of the Dungeon
  4388 | D:5      | Found a glowing drain.
  4425 | Sewer    | Entered a sewer
  4540 | Sewer    | Reached skill level 6 in Long Blades
  4551 | Sewer    | Reached XP level 8. HP: 26/63 MP: 8/8
  4768 | Sewer    | Found a white marble altar of Elyvilon.
  5168 | D:5      | Noticed Edmund
  5190 | D:4      | Killed Edmund
  5329 | D:5      | Noticed Grinder
  5343 | D:5      | Killed Grinder
  5344 | D:5      | Reached skill level 7 in Long Blades
  6162 | D:5      | Reached XP level 9. HP: 53/71 MP: 9/9
  6199 | D:5      | Noticed Pikel
  6274 | D:4      | Reached skill level 8 in Long Blades
  6330 | Temple   | Entered the Ecumenical Temple
  6507 | Temple   | Fell from the grace of Ignis
  6507 | Temple   | Became a worshipper of Hepliaklqana the Forgotten
  6755 | D:4      | Killed Pikel
  6848 | D:5      | Found a snail-covered altar of Cheibriados.
  6884 | D:5      | Noticed Eustachio
  6891 | D:5      | Killed Eustachio
  6892 | D:5      | Reached skill level 9 in Long Blades
  7416 | D:5      | HP: 1/72 [fire elemental[the fiery vengeance of Ignis] (7)]
  7519 | D:5      | Slain by a fire elemental

Illustrated notes

Levels and vault maps discovered:
D:1:      roderic_lyre, layout_basic
D:2:      layout_rooms, uniq_robin
D:3:      minmay_chambers_of_threes, layout_loops_ring,
          nicolae_dithmenos_through_a_glass_darkly,
          ebering_ecumenical_altar_webs, minmay_guardbox
D:4:      layout_basic, minmay_temple_entry_large_hall,
          nicolae_ossuary_entry_plus
D:5:      layout_basic, xom_confusion_cloud, kennysheep_slug_shrine,
          lightli_sewer_entry_pipes, uniq_eustachio, uniq_duvessa, uniq_edmund,
          uniq_pikel, uniq_grinder
D:6:      minmay_flawed_box, layout_basic
Temple:   nicolae_temple_figure_zero

Skill      XL: |  1  2  3  4  5  6  7  8  9 |
---------------+----------------------------+-----
Shields        | 4 5 6 7 8 |  8.3
Long Blades    | 3 4 5 6 7 9 |  9.1
Fighting       | 4 5 6 7 |  7.6
Armour         | |  3.2

Action                   |  1- 3 |  4- 6 |  7- 9 || total
-------------------------+-------+-------+-------++-------
Melee: Long sword        |    66 |   194 |   304 ||   564
       Unarmed           |       |       |     2 ||     2
Invok: Fiery Armour      |       |     4 |     2 ||     6
       Foxfire Swarm     |       |     2 |     2 ||     4
 Abil: Dig               |       |       |     1 ||     1
  Use: Scroll            |       |     8 |     3 ||    11
       Potion            |       |       |    11 ||    11
 Stab: Invisible         |       |       |     2 ||     2
Armor: Scale mail        |    26 |   117 |   113 ||   256
Dodge: Dodged            |    18 |   101 |   155 ||   274
Block: Buckler           |    14 |    47 |    68 ||   129
